 Dungeon Crawl Stone Soup version 0.31-a0-1005-gfbdfbacc72 (webtiles) character file.

Game seed: 9175382587271608667

97 Azuregosa the Covert (level 4, -2/31 HPs)
             Began as an Octopode Delver on Nov 11, 2023.
             Slain by an orc wizard
             ... wielding a +0 dagger
              (3 damage)
             ... on level 3 of the Dungeon.
             The game lasted 00:06:07 (2248 turns).

Azuregosa the Covert (Octopode Delver)              Turns: 2248, Time: 00:06:08

Health: -2/31      AC:  1    Str: 11    XL:     4   Next: 68%
Magic:  4/4        EV: 13    Int: 14    God:
Gold:   115        SH:  0    Dex: 13    Spells: 3/3 levels left

rFire   . . .        a - +0 spear
rCold   . . .        (no shield)
rNeg    . . .        (helmet restricted)
rPois   .            s - amulet of reflection
rElec   .            m - ring of flight
rCorr   .            (no ring)
SInv    .            (no ring)
Will    .....        (no ring)
Stlth   +++          (no ring)
HPRegen 0.25/turn    (no ring)
MPRegen 0.09/turn    (no ring)
                     (no ring)

%: reflection
@: confused, flying
A: almost no armour, amphibious, 8 rings, camouflage 1, gelatinous body 1,
(nimble swimmer 1), tentacles
a: no special abilities


You were on level 3 of the Dungeon.
You visited 1 branch of the dungeon, and saw 5 of its levels.

You collected 115 gold pieces.

Inventory:

Hand Weapons
 a - a +0 spear (weapon)
 j - a +1 dagger of venom
Missiles
 c - 2 atropa-tipped darts
 d - a stone
 h - 4 javelins
Jewellery
 m - a ring of flight (left tentacle)
 s - an amulet of reflection (around mantle)
Wands
 f - a wand of digging (3)
Scrolls
 b - a scroll of fog
 g - 4 scrolls of teleportation {unknown}
 i - 3 scrolls of identify {unknown}
 k - a scroll of immolation {unknown}
 o - 3 scrolls of enchant armour {unknown}
 p - a scroll of silence {unknown}
 q - a scroll of noise {unknown}
Potions
 e - 2 potions of haste
 l - 2 potions of degeneration {unknown}
 n - 2 potions of ambrosia {unknown}
 r - a potion of curing {unknown}


   Skills:
 - Level 3.0 Fighting
 - Level 2.0 Polearms
 - Level 2.0 Dodging
 + Level 9.1 Stealth


You had 3 spell levels left.
You didn't know any spells.
Your spell library was empty.

Dungeon Overview and Level Annotations

Branches:
Dungeon (5/15)
 Temple: D:4-7

Altars:


Innate Abilities, Weirdness & Mutations

You cannot wear most types of armour.
You are amphibious.
You can wear up to eight rings at the same time.
Your skin changes colour to match your surroundings (Stealth+).
Your rubbery body absorbs attacks. (AC +1, EV +1)
((You are camouflaged when in or above water. (Stealth+)))
You have tentacles for arms and can constrict up to eight enemies at once.


Message History

HP restored. 2 orcs come into view.
An orc wizard comes into view. It is wielding a +0 dagger.
An orc comes into view. It is wielding a +0 trident.
The helpless orc fails to defend itself.
You hit the orc but do no damage. You grab the orc. You squeeze the orc.
The orc is severely wounded.
You constrict the orc, but do no damage.
The orc hits you with a +0 whip.
You hit the orc but do no damage. You squeeze the orc, but do no damage.
The orc is severely wounded.
You constrict the orc. You block the orc's attack.
You hit the orc but do no damage. You squeeze the orc.
You kill the orc!
Things that are here:
a +0 whip; a +0 chain mail The orc wizard shouts!
The orc shouts!
The orc hits you with a +0 trident!
You hit the orc but do no damage. You grab the orc. You constrict the orc.
The orc misses you.
You hit the orc.
The orc is moderately wounded.
You constrict the orc. The orc hits you with a +0 trident.
You hit the orc.
You kill the orc!
The orc wizard gestures at you while chanting.
You are confused.
The orc wizard hits you with a +0 dagger.
The orc hits you from afar with a +0 trident.
* * * LOW HITPOINT WARNING * * *
Things that are here:
a +0 trident; a +0 leather armour You closely miss the orc wizard.
The orc wizard mumbles some strange words.
The orc wizard flickers and vanishes!
Deactivating autopickup; reactivate with Ctrl-A.
The orc hits you from afar with a +0 trident.
* * * LOW HITPOINT WARNING * * *
You hit something but do no damage. Something hits you.
You die...

... ... #.# #.# #.#
##### #.#
#####...###.#####.#
............).@{o.#
####...###########
#.#..........#
#...########.#
##### #.# #)# #.#
#.# #.#


You could see an orc.

Vanquished Creatures
  3 adders
  A worm (D:2)
  A dart slug (D:1)
  3 orcs
  3 ball pythons
  3 endoplasms
  4 giant cockroaches
  5 goblins
  2 hobgoblins (D:1)
  9 jackals
  3 quokkas (D:1)
  6 bats (D:2)
  2 frilled lizards (D:1)
  6 kobolds
  7 rats
58 creatures vanquished.

Notes
Turn   | Place    | Note
-------+----------+-------------------------------------------
     0 | D:5      | Azuregosa the Octopode Delver began the quest for the Orb.
     0 | D:5      | Reached XP level 1. HP: 16/16 MP: 1/1
   162 | D:2      | Reached skill level 7 in Stealth
   226 | D:2      | Reached XP level 2. HP: 20/21 MP: 2/2
   308 | D:2      | Reached XP level 3. HP: 25/26 MP: 3/3
   383 | D:2      | Reached skill level 8 in Stealth
  1065 | D:1      | Reached XP level 4. HP: 17/31 MP: 4/4
  2214 | D:3      | Reached skill level 9 in Stealth
  2247 | D:3      | HP: 1/31 [orc/+0 trident (5)]
  2248 | D:3      | Slain by an orc wizard

Illustrated notes

Levels and vault maps discovered:
D:1:      lightli_molten_gateway, layout_basic
D:2:      layout_basic
D:3:      layout_loops_ring, serial_shops, shop, gammafunk_ghost_necromancy
D:4:      layout_loops_cross, amcnicky_mini_rare_corridor_liquid
D:5:      minmay_bubble_buster, layout_basic, serial_shops,
          nicolae_shop_hallway_stairs, nicolae_shop_mannequins,
          dk_noncrumbling_4

Skill      XL: |  1  2  3  4 |
---------------+-------------+-----
Stealth        | 7 8 9 |  9.1
Fighting       | |  3.0
Polearms       | |  2.0
Dodging        | |  2.0

Action                     |  1- 3 |  4- 6 || total
---------------------------+-------+-------++-------
  Melee: Spear             |    79 |    50 ||   129
         Tentacles         |    19 |    10 ||    29
         Constrict         |    14 |    16 ||    30
         Punch             |       |     1 ||     1
    Use: Scroll            |     1 |     1 ||     2
   Stab: Sleeping          |    15 |    10 ||    25
 Armour: Skin              |    30 |    23 ||    53
  Dodge: Dodged            |    35 |    22 ||    57
  Block: Other             |       |     2 ||     2

Table legend: (Time is in decaauts)
 A = Elapsed time spent in this place.
 B = Non-inter-level travel time spent in this place.
 C = Inter-level travel time spent in this place.
 D = Time resting spent in this place.
 E = Time spent auto-exploring this place.
 F = Levels seen in this place.
 G = Mean time per level.
                   A        B        C        D        E       F      G
               +--------+--------+--------+--------+--------+-----+--------+
         Total |   2247 |   2217 |     30 |    231 |   1336 |   5 |  449.4 |
       Dungeon |   2247 |   2217 |     30 |    231 |   1336 |   5 |  449.4 |
               +--------+--------+--------+--------+--------+-----+--------+

Top non-repeatable levels by time:
     D:2: 1161 daAuts
     D:1: 835 daAuts
     D:3: 127 daAuts
     D:4: 120 daAuts
     D:5: 3 daAuts
